AoeStats
← Tarklow

Arabia

510615528Analyzed
2v2 RM · 6h ago on Oct 1, 2026· 49m 11s· 4 players
Game mode
Random Map
Map size
Medium (4 player)
Population
200
Speed
Normal
Resources
Standard
Victory
Conquest
Starting age
Dark Age
Ending age
Imperial Age
RankedLock teamsTeams togetherTeam positionsShared explorationLock speedFull tech treeHidden civsTurbo modeCheats
Victory
Defeat
🇬🇧 Mongols · United Kingdom
755
+15
🇸🇰 Jurchens · Slovakia
726
+16
🇨🇴 Saracens · Colombia
779
-17
🇪🇨 Wei · Ecuador
689
-14
Tarklow
11:03 Feudal Age
12:21 Horse Collar
12:30 Double-Bit Axe
15:33 Gold Mining
16:26 Loom
21:20 Stone Mining
24:16 Wheelbarrow
24:33 Forging
24:31 Scale Barding Armor
26:36 Castle Age
27:45 Bloodlines
28:02 Chain Barding Armor
28:18 Iron Casting
28:31 Bow Saw
29:40 Heavy Plow
29:42 Husbandry
34:09 Iron Casting
34:01 Town Watch
33:44 Light Cavalry
45:40 Imperial Age
officialtanzeel
5:21 Loom
10:09 Feudal Age
11:07 Double-Bit Axe
17:23 Bloodlines
17:38 Horse Collar
19:10 Scale Barding Armor
24:57 Castle Age
24:24 Fletching
24:35 Padded Archer Armor
25:05 Gold Mining
25:05 Stone Mining
25:13 Stone Mining
25:57 Forging
26:28 Bow Saw
26:19 Heavy Plow
27:23 Bodkin Arrow
27:45 Leather Archer Armor
28:41 Thumb Ring
28:40 Town Watch
30:30 Wheelbarrow
32:05 Hand Cart
34:00 Masonry
34:15 Ballistics
34:32 Town Patrol
40:04 Imperial Age
40:16 Husbandry
39:37 Light Cavalry
41:03 Nomads
40:57 Elite Mangudai
42:20 Parthian Tactics
41:57 Bracer
42:33 Iron Casting
43:08 Chemistry
Brianbuu
0:32 Loom
12:09 Feudal Age
12:35 Double-Bit Axe
12:32 Horse Collar
13:47 Wheelbarrow
23:19 Castle Age
22:10 Forging
24:25 Hand Cart
24:09 Gold Mining
24:16 Stone Mining
24:26 Gambesons
24:02 Pikeman
24:42 Squires
24:56 Scale Barding Armor
25:49 Heavy Plow
26:14 Bow Saw
25:56 Light Cavalry
28:54 Elite Skirmisher
30:21 Gold Shaft Mining
31:14 Town Watch
33:12 Fletching
33:46 Ballistics
33:22 Murder Holes
34:32 Bloodlines
34:25 Husbandry
38:19 Imperial Age
37:42 Iron Casting
37:08 Padded Archer Armor
37:34 Scale Mail Armor
40:49 Thumb Ring
46:26 Conscription
Israelo517
15:44 Feudal Age
17:05 Wheelbarrow
16:13 Horse Collar
20:24 Double-Bit Axe
24:31 Gold Mining
24:36 Stone Mining
30:06 Castle Age
30:11 Bloodlines
32:35 Hand Cart
32:27 Heavy Plow
33:38 Stone Shaft Mining
33:42 Gold Shaft Mining
35:37 Bow Saw
40:28 Imperial Age
40:55 Husbandry
40:16 Light Cavalry
42:01 Parthian Tactics
41:41 Hussar
43:23 Bow Saw
Connection lost

Rejoining the realm…

Still unreachable

The connection could not be restored.

Session expired

The server has moved on; the page needs a fresh start.